 Dungeon Sprint DCSS version 0.30.1-11-g7821555f0a (webtiles) character file.

Game seed: 15045171987877971719

27 Groucho the Magician (level 2, -4/15 HPs)
             Began as a Deep Elf Earth Elementalist on Dec 31, 2023.
             Slain by a wight
             ... wielding a +0 battleaxe
              (11 damage)
             ... in the Dungeon (Sprint VII: "The Pits").
             The game lasted 00:02:26 (1600 turns).

Groucho the Magician (Deep Elf Earth Elementalist)  Turns: 1600, Time: 00:02:27

Health: -4/15      AC:  2    Str:  5    XL:     2   Next: 93%
Magic:  11/11      EV: 12    Int: 19    God:
Gold:   0          SH:  0    Dex: 15    Spells: 12/13 levels left

rFire   . . .        c - +2 dagger
rCold   . . .        (no shield)
rNeg    . . .        a - +0 robe
rPois   .            (no helmet)
rElec   .            (no cloak)
rCorr   .            (no gloves)
SInv    .            (no boots)
Will    .....        (no amulet)
Stlth   ++           (no ring)
HPRegen 0.22/turn    (no ring)
MPRegen 0.12/turn

%: no teleportation
@: invisible
A: no striking features
a: no special abilities


You were in the Dungeon.
You visited 1 branch

Inventory:

Hand Weapons
 c - a +2 dagger (weapon)
 m - a +2 long sword of holy wrath
Armour
 a - a +0 robe (worn)
 h - a +3 ring mail
Scrolls
 g - a scroll of blinking
 j - 5 scrolls of amnesia
 k - a scroll of summoning
Potions
 b - 5 potions of magic
 d - 6 potions of heal wounds
 e - a potion of haste
 f - 3 potions of berserk rage
 i - a potion of invisibility
 l - 5 potions of curing


   Skills:
 + Level 0.0 Fighting
 + Level 0.0 Short Blades
 - Level 2.4 Dodging
 + Level 2.4 Stealth
 + Level 6.2 Spellcasting
 - Level 1.1 Transmutations
 + Level 5.6 Earth Magic


You had 12 spell levels left.
You knew the following spells:

 Your Spells              Type           Power      Damage    Failure   Level
a - Sandblast             Erth           54%        2d13      1%          1

Your spell library contained the following spells:

 Spells                   Type           Power      Damage    Failure   Level
 Passwall                 Tmut/Erth      15%        N/A       4%          2
 Stone Arrow              Conj/Erth      32%        3d9       11%         3
 Petrify                  Tmut/Erth      18%        N/A       26%         4


Dungeon Overview and Level Annotations

Branches:
Dungeon (1/1)

Altars:
Ashenzari
Cheibriados
Dithmenos
Elyvilon
Fedhas
Gozag
Hepliaklqana
Kikubaaqudgha
Makhleb
Nemelex Xobeh
Okawaru
Qazlal
Ru
Sif Muna
Trog
Uskayaw
Vehumet
Wu Jian
Xom
Yredelemnul
Zin
The Shining One
Jiyva
Lugonu


Message History

You drop a +2 falchion.
You see here a +1 heavy mace.
You see here a +0 dagger of venom.
You see here a +3 scale mail.
You see here a +3 ring mail.
h - a +3 ring mail You see here a +2 quarterstaff of protection.
You see here a +2 falchion.
You see here a +1 heavy trident.
There is an open door here.
There is an open door here.
You see here a ball python corpse.
You see here a quokka skeleton.
There is an open door here.
There is an open door here.
You open the door.
There is an open door here.
As you open the door, it creaks loudly!
An adder and 2 gnolls come into view.
The gnoll shouts!
A wolf comes into view.
A wight comes into view. It is wielding a +0 battleaxe.
A gnoll bouda comes into view. It is wielding a +0 club.
There is an open door here.
You fade into invisibility!
Your +2 long sword of holy wrath stops glowing.
c - a +2 dagger (weapon)
The wight closely misses you.
You closely miss the wight. The wight hits you with a +0 battleaxe!
Ouch! That really hurt!
You are too injured to fight recklessly!
You are too injured to fight recklessly!
You are too injured to fight recklessly!
Unknown command.
You barely miss the wight. The wight closely misses you.
You hit the wight.
The wight is lightly damaged.
The wight hits you with a +0 battleaxe!
Ouch! That really hurt!
You die...

############
#_________.#
#_________.#
#_______...##########
##########'##........
#.?(.').)'.##......#.
##########.##........
#ggz@.......'........
#'#####'#####......#.
#.#..#..#[.##........
#.#..'..#))#####'####
#z#..####))##.......#
#.#..#..#))##.......#
#g#.÷#..#..##.......#
#.##†#..#'###...<...#
#.#........##.......#


You could see a wight (unable to see you) and 2 gnolls.

Vanquished Creatures
  2 river rats (D)
  A ball python (D)
  A hobgoblin (D)
  2 quokkas (D)
  2 bats (D)
  A giant cockroach zombie (D)
  A rat (D)
10 creatures vanquished.

Notes
Turn   | Place    | Note
-------+----------+-------------------------------------------
     0 | D        | Groucho the Deep Elf Earth Elementalist began the quest for
                  | the Orb.
     0 | D        | Reached XP level 1. HP: 10/10 MP: 6/6
    18 | D        | Reached skill level 4 in Spellcasting
    18 | D        | Reached XP level 2. HP: 15/15 MP: 1/9
   488 | D        | Found a glowing golden altar of the Shining One.
   488 | D        | Found a glowing silver altar of Zin.
   488 | D        | Found a basalt altar of Yredelemnul.
   488 | D        | Found a shimmering altar of Xom.
   488 | D        | Found an ornate altar of the Wu Jian Council.
   488 | D        | Found a bloodstained altar of Trog.
   488 | D        | Found a shimmering blue altar of Sif Muna.
   488 | D        | Found a sacrificial altar of Ru.
   488 | D        | Found a stormy altar of Qazlal.
   488 | D        | Found an iron altar of Okawaru.
   488 | D        | Found a sparkling altar of Nemelex Xobeh.
   488 | D        | Found a burning altar of Makhleb.
   488 | D        | Found a viscous altar of Jiyva.
   488 | D        | Found a hazy altar of Hepliaklqana.
   488 | D        | Found an opulent altar of Gozag.
   488 | D        | Found a blossoming altar of Fedhas.
   488 | D        | Found a white marble altar of Elyvilon.
   488 | D        | Found a shadowy altar of Dithmenos.
   488 | D        | Found a snail-covered altar of Cheibriados.
   489 | D        | Found a radiant altar of Vehumet.
   489 | D        | Found a corrupted altar of Lugonu.
   490 | D        | Found an ancient bone altar of Kikubaaqudgha.
   490 | D        | Found a hide-covered altar of Uskayaw.
   490 | D        | Found a broken altar of Ashenzari.
   505 | D        | Reached skill level 5 in Spellcasting
   719 | D        | Reached skill level 5 in Earth Magic
  1087 | D        | Reached skill level 6 in Spellcasting
  1582 | D        | Noticed a wolf
  1582 | D        | Noticed a wight
  1600 | D        | Slain by a wight

Illustrated notes

Levels and vault maps discovered:
D:        pitsprint [storerooms_1, entrance_room_1, metal_vault_1, armoury_2,
          mini_pit_1, grid_room_1, main_hall_1, silver_pit, the_coven_2,
          the_vestibule_1, steel_vault_3, golden_pit, hallway_of_sentries,
          crystal_vault_1, iron_vault_1, final_vault]

Skill      XL: |  1  2 |
---------------+-------+-----
Spellcasting   | 4 6 |  6.2
Earth Magic    | 4 5 |  5.6
Dodging        | |  2.4
Stealth        | |  2.4
Transmutations | |  1.1

Action                     || total
---------------------------++-------
  Melee: Dagger            ||     3
   Cast: Sandblast         ||    17
    Use: Potion            ||     2
 Armour: Robe              ||     3
  Dodge: Dodged            ||    15
